 Dungeon Crawl Stone Soup version 0.28.0-53-g5a82cb258f (webtiles) character file.

Game seed: 6572259510058101375

98 Descartes the Grasshopper (level 5, 0/38 HPs)
             Began as a Formicid Warper on May 23, 2022.
             Slain by an orc
             ... wielding a +0 flail
              (2 damage)
             ... on level 2 of the Dungeon.
             The game lasted 00:03:34 (3185 turns).

Descartes the Grasshopper (Formicid Warper)         Turns: 3185, Time: 00:03:35

Health: 0/38       AC:  5    Str: 17    XL:     5   Next: 1%
Magic:  8/8        EV: 11    Int: 13    God:
Gold:   83         SH:  0    Dex: 10    Spells: 8/8 levels left

rFire   . . .      SeeInvis +   p - +0 war axe
rCold   . . .      Faith    .   (no shield)
rNeg    . . .      Spirit   .   l - +0 ring mail
rPois   .          Reflect  .   (helmet unavailable)
rElec   .          Harm     .   (no cloak)
rCorr   .          Rampage  .   (no gloves)
Will    .....                   (no boots)
Stlth   ..........              (no amulet)
HPRegen 0.12/turn               (no ring)
MPRegen 0.11/turn               (no ring)

@: no status effects
A: permanent stasis, dig shafts and tunnels, antennae 3, four strong arms
a: Dig, Shaft Self


You were on level 2 of the Dungeon.
You visited 1 branch of the dungeon, and saw 3 of its levels.

You collected 83 gold pieces.

Inventory:

Hand Weapons
 a - a +0 hand axe
 p - a +0 war axe (weapon)
Missiles
 c - 5 boomerangs of dispersal (quivered)
 d - 124 stones
 q - 27 bolts
Armour
 b - a +0 leather armour
 l - a +0 ring mail (worn)
Scrolls
 e - a scroll of vulnerability {unknown}
 f - a scroll of amnesia {unknown}
 g - 2 scrolls of summoning {unknown}
 h - 3 scrolls of teleportation {unknown}
 i - 2 scrolls of identify {unknown}
 o - a scroll of acquirement {unknown}
 r - a scroll of fear {unknown}
Potions
 j - a potion of heal wounds {unknown}
 k - a potion of brilliance {unknown}
 m - a potion of haste {unknown}
 n - a potion of resistance {unknown}


   Skills:
 - Level 2.1 Fighting
 + Level 2.8 Axes
 - Level 1.0 Throwing
 + Level 2.5 Armour
 - Level 1.7 Dodging
 + Level 2.3 Shields
 - Level 2.1 Spellcasting
 + Level 3.3 Translocations


You had 8 spell levels left.
You didn't know any spells.
Your spell library contained the following spells:

 Spells                   Type           Power      Damage    Failure   Level
 Apportation              Tloc           20%        N/A       12%         1
 Gell's Gravitas          Tloc           10%        N/A       34%         3
 Lesser Beckoning         Tloc           10%        N/A       34%         3
 Teleport Other           Tloc           10%        N/A       34%         3
 Animate Skeleton         Necr           2%         N/A       41%         1
 Summon Small Mammal      Summ           4%         N/A       41%         1
 Scorch                   Fire           2%         2d5       56%         2
 Manifold Assault         Tloc           10%        N/A       97%         5
 Flame Wave               Conj/Fire      1%         2d4       99%         4
 Summon Cactus Giant      Summ           0%         N/A       100%        6
 Blink                    Tloc           Unusable   N/A       N/A         2

Dungeon Overview and Level Annotations

Branches:
Dungeon (3/15)

Altars:


Innate Abilities, Weirdness & Mutations

You cannot be hasted, slowed, berserked, paralysed or teleported.
You can dig through walls and to a lower floor.
You have a pair of large antennae on your head. (SInv)
Your four strong arms can wield two-handed weapons with a shield.


Message History

A giant cockroach comes into view.
The orc wizard shouts!
You hear a shout!
The giant cockroach barely misses you. The giant cockroach barely misses you.
The giant cockroach barely misses you.
There is a stone staircase leading up here.
The giant cockroach bites you but does no damage.
You climb upwards.
There is a stone staircase leading down, spattered with blood here.
You hit the giant cockroach.
The giant cockroach is almost dead.
The giant cockroach closely misses you. x2
You hit the giant cockroach.
You kill the giant cockroach!
No target in view!
No target in view!
No target in view!
No target in view!
No target in view!
No target in view!
No target in view!
You climb downwards.
The orc priest invokes the aid of Beogh against you.
Beogh smites you! The orc hits you with a +0 flail.
You hear a shout!
There is a stone staircase leading up here.
The orc hits you with a +0 flail.
You climb upwards.
There is a stone staircase leading down, spattered with blood here.
You hit the orc but do no damage. The orc hits you with a +0 flail.
* * * LOW HITPOINT WARNING * * *
The orc hits you but does no damage.
You hit the orc.
The orc is severely wounded.
The orc hits you with a +0 flail!
* * * LOW HITPOINT WARNING * * *
You hit the orc.
The orc is severely wounded.
The orc hits you with a +0 flail.
You die...

..# #.# #...#.#####.#.##.###...
..# #.# #..............#.# #...
..# #.# #.....#........#.# #...
..# #.###..#....###.#..#.# #...
..# #.#................#.# #...
#######.###................# #...
.................####†#..### #...
#######.#######.o# #.#..# #...
#.# #)@# ##.#..#####... #######.#
#..# #<............ ........#
####..# ##....#####..# ........#
#†##..# #.#.## #..# ........#
#.##..####.#.######..#
........####.##..##.............#
.................................
..................).............#
############........######.##...#


You could see an orc.

Vanquished Creatures
  5 adders (D:2)
  A dart slug (D:1)
  5 ball pythons
  5 bats
  4 endoplasms
  5 giant cockroaches
  3 goblins
  3 hobgoblins
  3 jackals (D:1)
  5 kobolds
  2 quokkas
  3 frilled lizards
  5 rats
49 creatures vanquished.

Vanquished Creatures (others)
  A fungus (D:1)
  2 plants (D:1)
3 creatures vanquished.

Grand Total: 52 creatures vanquished

Notes
Turn   | Place    | Note
-------+----------+-------------------------------------------
     0 | D:1      | Descartes the Formicid Warper began the quest for the Orb.
     0 | D:1      | Reached XP level 1. HP: 16/16 MP: 3/3
   208 | D:1      | Reached XP level 2. HP: 10/22 MP: 5/5
   620 | D:1      | Reached skill level 1 in Shields
  1102 | D:1      | Reached XP level 3. HP: 27/27 MP: 6/6
  1127 | D:1      | Reached skill level 3 in Translocations
  1260 | D:1      | Found a faded altar of an unknown god.
  1791 | D:2      | Reached XP level 4. HP: 33/33 MP: 7/7
  3025 | D:2      | Reached XP level 5. HP: 25/38 MP: 8/8
  3185 | D:2      | Slain by an orc

Illustrated notes

Levels and vault maps discovered:
D:1:      saegor_arrival_simple_e, layout_basic,
          shapermc_ecumenical_altar_mp_urbaneastern
D:2:      layout_basic
D:3:      layout_rooms, nzn_wu_jian_council_hall

Skill      XL: |  1  2  3  4 |
---------------+-------------+-----
Shields        | 1 2 |  2.3
Translocations | 3 |  3.3
Armour         | 2 |  2.5
Fighting       | |  2.1
Axes           | |  2.8
Throwing       | |  1.0
Dodging        | |  1.7
Spellcasting   | |  2.1

Action                   |  1- 3 |  4- 6 || total
-------------------------+-------+-------++-------
Melee: Hand axe          |   141 |    12 ||   153
       Punch             |     1 |       ||     1
       War axe           |       |    69 ||    69
Armor: Leather armour    |    30 |       ||    30
       Ring mail         |    38 |    47 ||    85
Dodge: Dodged            |   117 |    56 ||   173
